 Dungeon Crawl Stone Soup version 0.23.2-44-ge536e68a2c (webtiles) character file.

Game seed: 17698713731040386112

63 MordorOrchid the Shooter (level 3, 0/28 HPs)
             Began as a Centaur Arcane Marksman on Mar 20, 2020.
             Killed from afar by Natasha (6 damage)
             ... with a magic dart
             ... on level 2 of the Dungeon.
             The game lasted 00:06:50 (1519 turns).

MordorOrchid the Shooter (Centaur Arcane Marksman)  Turns: 1519, Time: 00:06:51

Health: 0/28       AC:  4    Str: 12    XL:     3   Next: 89%
Magic:  1/4        EV: 10    Int: 13    God:
Gold:   63         SH:  0    Dex:  9    Spells: 1/4 levels left

rFire    . . .     SeeInvis .   j - +0 shortbow
rCold    . . .     Gourm    .   (shield currently unavailable)
rNeg     . . .     Faith    .   e - +0 robe
rPois    .         Spirit   .   (helmet restricted)
rElec    .         Reflect  .   (no cloak)
rCorr    .         Harm     .   (no gloves)
MR       .....                  (no barding)
Stlth    +.........             (no amulet)
HPRegen  0.09/turn              (no ring)
MPRegen  0.09/turn              (no ring)

@: very quick
A: large, claws 1, hooves 3, horns 1, blink, deformed body, speed 2, tough skin
3
a: Blink


You were on level 2 of the Dungeon.
You were not hungry.

You visited 1 branch of the dungeon, and saw 2 of its levels.

You collected 63 gold pieces.

Inventory:

Hand Weapons
 j - a +0 shortbow (weapon)
 y - a +0 short sword
Missiles
 c - 15 sling bullets
 d - 7 arrows (quivered)
 l - 13 bolts
 n - 60 stones
Armour
 e - a +0 robe (worn)
Scrolls
 b - a scroll of enchant armour {unknown}
 g - a scroll of enchant weapon {unknown}
 i - a scroll of remove curse {unknown}
 m - a scroll of teleportation {unknown}
Potions
 p - a potion of mutation
Comestibles
 a - a chunk of flesh
 f - 3 rations


   Skills:
 * Level 1.3 Fighting
 - Level 4.2 Bows
 * Level 2.0 Dodging
 + Level 1.2 Spellcasting
 - Level 3.0 Hexes


You had one spell level left.
You knew the following spells:

 Your Spells              Type           Power        Failure   Level  Hunger
a - Corona                Hex            #......      8%          1    ##.....
b - Slow                  Hex            #.......     12%         2    ###....

Your spell library contained the following spells:

 Spells                   Type           Power        Failure   Level  Hunger
 Inner Flame              Hex/Fire       #.......     41%         3    ####...
 Portal Projectile        Hex/Tloc       #.....       41%         3    ####...
 Cause Fear               Hex            #.........   61%         4    #####..
 Leda's Liquefaction      Hex/Erth       #.........   82%         4    #####..


Dungeon Overview and Level Annotations

Branches:
Dungeon (2/15)

Altars:

Annotations:
D:2 Natasha


Innate Abilities, Weirdness & Mutations

You have hooves in place of feet.
Armour fits poorly on your strangely shaped body.
You cover ground very quickly.
You have extremely tough skin. (AC +3)
You have sharp fingernails.
You have a pair of small horns on your head.
You can translocate small distances at will.


Message History

Natasha casts a spell.
The crimson imp blinks!
Natasha growls.
Casting: Corona (safe; 8% risk of failure)
Confirm with . or Enter, or press ? or * to list all spells.
Aiming: Corona (safe; 8% risk of failure)
Press: ? - help, Shift-Dir - straight line, f/p - Natasha
Aim: Natasha (chance to defeat MR: 43%) Natasha is outlined in light.
Natasha casts a spell at you. The magic dart hits you.
* * * LOW HITPOINT WARNING * * *
Firing (i - inventory. (/) - cycle)
d - 8 arrows (quivered)
Press: ? - help, Shift-Dir - straight line, f/p - Natasha
Aim: Natasha (softly glowing)
You shoot an arrow. The arrow hits Natasha.
Natasha is moderately wounded.
Natasha casts a spell at you. The magic dart hits you.
You die...

# # # # # # #
############ #
.......@...# #
.....#####h# #
..... #.# # .
.. #h# # #. #.#
# #.#####ยง####
# #.....5....#
# #.........(#
#
#...5......####
#


You could see Natasha.

Vanquished Creatures
  Natasha (D:2)
  An ooze (D:1)
  A leopard gecko (D:1)
  2 giant cockroaches
  4 goblins
  3 hobgoblins (D:1)
  4 jackals (D:1)
  A ball python (D:2)
  5 bats
  2 frilled lizards (D:1)
  4 kobolds
  5 rats (D:1)
33 creatures vanquished.

Notes
Turn   | Place    | Note
-------+----------+-------------------------------------------
     0 | D:1      | MordorOrchid the Centaur Arcane Marksman began the quest
                  | for the Orb.
     0 | D:1      | Reached XP level 1. HP: 16/16 MP: 2/2
   129 | D:1      | Reached skill level 3 in Bows
   414 | D:1      | Reached XP level 2. HP: 22/23 MP: 1/3
   425 | D:1      | Learned a level 2 spell: Slow
   853 | D:1      | Reached skill level 4 in Bows
   861 | D:1      | Reached XP level 3. HP: 19/28 MP: 1/4
  1426 | D:2      | Noticed Natasha
  1434 | D:2      | Gained mutation: You can translocate small distances at
                  | will. [potion of mutation]
  1434 | D:2      | Gained mutation: You have sharp fingernails. [potion of
                  | mutation]
  1434 | D:2      | Gained mutation: You have a pair of small horns on your
                  | head. [potion of mutation]
  1453 | D:2      | Killed Natasha
  1501 | D:2      | Noticed Natasha
  1519 | D:2      | Killed from afar by Natasha

Skill      XL: |  1  2  3 |
---------------+----------+-----
Bows           | 3 4 |  4.2
Dodging        | 2 |  2.0
Hexes          | 3 |  3.0
Fighting       | |  1.3
Spellcasting   | |  1.2

Action                   || total
-------------------------++-------
Melee: Short sword       ||    23
       Kick              ||     1
 Fire: Shortbow          ||    94
 Cast: Corona            ||    40
       Slow              ||     2
  Use: Potion            ||     4
  Eat: Chunk             ||     4
Armor: Robe              ||    30
       Skin              ||    42
Dodge: Dodged            ||    48
